 Dungeon Crawl Stone Soup version 0.30-a0-1163-gf69bf04e7a (webtiles) character file.

Game seed: 809683627784773304

1033 NinjaNoafa the Summoner (level 8, -7/31 HPs)
             Began as a Felid Summoner on Apr 28, 2023.
             Was an Initiate of Gozag.
             Mangled by a gnoll sergeant
             ... wielding a +0 trident
              (14 damage)
             ... on level 6 of the Dungeon.
             The game lasted 00:12:24 (6145 turns).

NinjaNoafa the Summoner (Felid Summoner)            Turns: 6145, Time: 00:12:25

Health: -7/31      AC:  2    Str:  4      XL:     8   Next: 3%
Magic:  6/18       EV: 17    Int: 19      God:    Gozag
Gold:   588        SH:  0    Dex: 13 (16) Spells: 11/20 levels left
                                        Lives:  0   Deaths: 2

rFire   . . .        (weapon unavailable)
rCold   . . .        (shield unavailable)
rNeg    . . .        (body armour unavailable)
rPois   .            (helmet unavailable)
rElec   .            (cloak unavailable)
rCorr   .            (gloves unavailable)
SInv    +            (boots unavailable)
Will    ++...        (no amulet)
Stlth   +++          b - ring of flight
HPRegen 0.25/turn    t - ring of willpower
MPRegen 0.16/turn

%: no passive effects
@: flying, studying Stealth, quick
A: very small, claws 1, fangs 3, see invisible, speed 1, shaggy fur 2, stealthy
paws, no weapons or thrown items, no armour, multi-lived
a: Renounce Religion, Potion Petition, Call Merchant, Bribe Branch


You were on level 6 of the Dungeon.
You worshipped Gozag.
Gozag was pleased with you.
You visited 2 branches of the dungeon, and saw 7 of its levels.

You collected 727 gold pieces.
You spent 75 gold pieces at shops.
You paid 64 gold pieces to Gozag.

Inventory:

Jewellery
 b - a ring of flight (left paw)
 t - a ring of willpower (right paw)
Wands
 o - a wand of flame (8)
Scrolls
 c - 5 scrolls of teleportation {unknown}
 g - 2 scrolls of fog {unknown}
 h - a scroll of immolation {unknown}
 i - 3 scrolls of identify {unknown}
 j - a scroll of butterflies {unknown}
 k - 2 scrolls of magic mapping {unknown}
 l - 2 scrolls of amnesia {unknown}
 m - a scroll of enchant weapon {unknown}
 q - 2 scrolls of blinking {unknown}
 s - 2 scrolls of noise {unknown}
 u - a scroll of poison {unknown}
Potions
 a - 3 potions of magic
 d - a potion of lignification {unknown}
 e - 3 potions of curing
 f - 2 potions of haste {unknown}
 n - 2 potions of berserk rage {unknown}
 p - a potion of brilliance {unknown}
 r - 2 potions of heal wounds


   Skills:
 - Level 2.6 Dodging
 - Level 6.0 Stealth
 + Level 6.5 Spellcasting
 - Level 5.0 Hexes
 + Level 8.0 Summonings
 + Level 4.1 Air Magic


You had 11 spell levels left.
You knew the following spells:

 Your Spells              Type           Power      Damage    Failure   Level
a - Summon Small Mammal   Summ           100%       N/A       1%          1
b - Call Imp              Summ           72%        N/A       1%          2
c - Call Canine Familiar  Summ           36%        N/A       1%          3
d - Summon Guardian Gole  Hex/Summ       30%        N/A       2%          3

Your spell library contained the following spells:

 Spells                   Type           Power      Damage    Failure   Level
 Summon Lightning Spire   Summ/Air       29%        N/A       9%          4
 Apportation              Tloc           12%        N/A       11%         1
 Magic Dart               Conj           24%        1d4       11%         1
 Necrotise                Necr           24%        1d5       11%         1
 Dazzling Flash           Conj/Hex       30%        N/A       12%         3
 Mephitic Cloud           Conj/Pois/Air  11%        N/A       19%         3
 Silence                  Hex/Air        11%        N/A       41%         5
 Agony                    Necr           6%         N/A       96%         5


Dungeon Overview and Level Annotations

Branches:
Dungeon (6/15)             Temple (1/1) D:4

Altars:
Ashenzari
Cheibriados
Dithmenos
Fedhas
Gozag
Kikubaaqudgha
Makhleb
Nemelex Xobeh
Okawaru
Qazlal
Ru
Sif Muna
Trog
Uskayaw
Vehumet
Xom
Yredelemnul
The Shining One

Shops:
D:1 *

Annotations:
D:2 1 runed translucent door, Crazy Yiuf


Innate Abilities, Weirdness & Mutations

You have sharp claws.
You have razor-sharp teeth.
You have supernaturally acute eyesight. (SInv)
You cover ground quickly. (Speed+)
You are covered in thick fur. (AC +2)
Your paws help you pounce on unaware monsters.
You are incapable of wielding weapons or throwing items.
You cannot wear armour.
You gain extra lives every three experience levels.


Message History

Unknown command.
Unknown command.
You swap places.
Your wolf barely misses the quasit.
The quasit bites you.
* * * LOW HITPOINT WARNING * * *
The quasit claws you.
* * * LOW HITPOINT WARNING * * *
You feel clumsy. The quasit closely misses you.
Your quokka bites the gnoll sergeant but does no damage.
The iguana misses your cerulean imp.
The gnoll sergeant hits you with a +0 trident.
* * * LOW HITPOINT WARNING * * *
Your wolf bites the quasit.
Your cerulean imp hits the quasit from afar with a -1 spear.
You see here a +0 ring mail.
Unknown command.
Unknown command.
Unknown command.
Unknown command.
You swap places.
Your quokka disappears in a puff of smoke!
Your wolf closely misses the quasit.
The quasit barely misses you.
The quasit claws you but does no damage. x2
The gnoll sergeant misses you. The iguana bites your cerulean imp.
Unknown command.
Unknown command.
Unknown command.
Unknown command.
Casting: Summon Guardian Golem (dangerous; 2% risk of failure)
Confirm with . or Enter, or press ? or * to list all spells.
A tiny devil pulls itself out of the air.
Your cerulean imp disappears in a puff of smoke!
Your wolf closely misses the quasit.
The quasit barely misses you.
The quasit claws you but does no damage.
The quasit claws you.
* * * LOW HITPOINT WARNING * * *
You feel clumsy.
The gnoll sergeant hits you with a +0 trident!
You die...
Your body crumbles into a pile of gold.

##...... ..##.# #.....#
.$...# #....# $ #l...# #§...#
#h5..# ##5#### .. #§@# ##..
#g## #....# #######9#
##...... #P.⌠P...# ##...#.#
#.P.§.#######.......
#♣♣§§.r............. #
#######.§♣§.#........# ###.#
##.....#...........#..##....#
##....................5...#


You could see a gnoll sergeant (ally target), an iguana, a quasit (ally target),
a friendly guardian golem (summoned), a friendly wolf (summoned, sheltered) and
a friendly cerulean imp (summoned, sheltered).

Vanquished Creatures (collateral kills)
  Sigmund (D:6)
  An ogre (D:4)
  2 black bears (D:6)
  A scorpion (D:5)
  The ghost of thug444 the Ruffian, a weakling TrTm of Uskayaw (D:4)
  3 hounds
  A jelly (D:6)
  An orc priest (D:4)
  Ijyb (D:3)
  An iguana (D:5)
  4 orc wizards
  2 sleepcaps
  Robin (D:4)
  7 adders
  4 gnolls
  A river rat (D:4)
  A white imp (D:6)
  An ufetubus (D:6)
  2 worms
  2 dart slugs
  14 orcs
  4 bats
  8 endoplasms
  3 giant cockroaches
  16 goblins
  15 hobgoblins
  7 jackals
  A quokka (D:4)
  9 ball pythons
  3 frilled lizards (D:3)
  3 kobolds
  7 rats
128 creatures vanquished.

Vanquished Creatures (others)
  A yak (D:4)
  A black bear (D:5)
  2 orc warriors
  2 ogres (D:5)
  2 gnoll sergeants (D:6)
  2 wights
  Terence (D:3)
  A white imp (D:4)
  An orc (D:6)
  10 demonic plants (D:6)
23 creatures vanquished.

Grand Total: 151 creatures vanquished

Notes
Turn   | Place    | Note
-------+----------+-------------------------------------------
     0 | D:1      | NinjaNoafa the Felid Summoner began the quest for the Orb.
     0 | D:1      | Reached XP level 1. HP: 7/7 MP: 4/4
   285 | D:1      | Reached XP level 2. HP: 11/11 MP: 1/6
   288 | D:1      | Learned a level 2 spell: Call Imp
   859 | D:1      | Found Igu Won's Assorted Antiques.
   865 | D:1      | Bought a pink potion for 25 gold pieces
   865 | D:1      | Bought 2 fizzy orange potions for 50 gold pieces
  1184 | D:2      | Reached XP level 3. HP: 14/14 MP: 0/8
  1345 | D:2      | Found a runed translucent door.
  1346 | D:2      | Noticed Crazy Yiuf
  1575 | D:2      | Learned a level 3 spell: Call Canine Familiar
  1594 | D:2      | Reached XP level 4. HP: 15/18 MP: 1/9
  1678 | D:2      | Reached skill level 5 in Summonings
  2474 | D:3      | Found a blossoming altar of Fedhas.
  2506 | D:3      | Found a faded altar of an unknown god.
  2645 | D:3      | Reached XP level 5. HP: 21/21 MP: 1/11
  2702 | D:3      | Found a shimmering altar of Xom.
  2758 | D:3      | Noticed Ijyb
  2772 | D:3      | Noticed Terence
  2788 | D:3      | Learned a level 3 spell: Summon Guardian Golem
  2874 | D:3      | Killed Terence
  2875 | D:3      | Reached skill level 1 in Hexes
  3093 | D:3      | Killed Ijyb
  3451 | D:4      | Found a staircase to the Ecumenical Temple.
  3478 | Temple   | Entered the Ecumenical Temple
  3488 | Temple   | Became a worshipper of Gozag Ym Sagoz the Greedy
  3748 | D:4      | Noticed a yak
  3777 | D:4      | Killed from afar by a white imp
  3778 | D:4      | Reached XP level 4. HP: 0/18 MP: 1/10
  3792 | D:4      | Reached XP level 5. HP: 12/21 MP: 8/12
  3815 | D:4      | Killed a yak
  3816 | D:4      | Reached skill level 6 in Summonings
  3816 | D:4      | Gained mutation: You are covered in thick fur. (AC +2)
                  | [Felid growth]
  3816 | D:4      | Reached XP level 6. HP: 12/24 MP: 1/13
  4011 | D:4      | Found a runed translucent door.
  4031 | D:4      | Noticed thug444's ghost (weakling TrTm)
  4390 | D:4      | Found a runed translucent door.
  4413 | D:4      | Noticed Robin
  4432 | D:4      | Reached XP level 7. HP: 27/27 MP: 9/15
  4482 | D:4      | Killed Robin
  4512 | D:4      | Reached skill level 5 in Stealth
  4945 | D:4      | Killed thug444's ghost
  5002 | D:5      | Entered Level 5 of the Dungeon
  5075 | D:5      | Reached skill level 5 in Hexes
  5149 | D:5      | Reached skill level 5 in Spellcasting
  5149 | D:5      | Reached skill level 1 in Air Magic
  5246 | D:5      | Found a basalt altar of Yredelemnul.
  5360 | D:5      | Reached XP level 8. HP: 31/31 MP: 15/17
  5379 | D:5      | Reached skill level 7 in Summonings
  5429 | D:5      | Found a hide-covered altar of Uskayaw.
  6013 | D:6      | Noticed Sigmund
  6078 | D:6      | Mangled by a gnoll sergeant
  6079 | D:6      | Reached XP level 7. HP: -10/27 MP: 4/17
  6094 | D:6      | Killed Sigmund
  6095 | D:6      | Reached skill level 8 in Summonings
  6095 | D:6      | Reached XP level 8. HP: 20/31 MP: 11/18
  6145 | D:6      | Mangled by a gnoll sergeant

Illustrated notes

Levels and vault maps discovered:
D:1:      kennysheep_arrival_seaside, layout_basic, serial_shops,
          nicolae_shop_hallway_plus
D:2:      layout_loops_corners, serial_aquarium, aquarium_bridge_straight
          [aquarium_subvault_bridge, aquarium_subvault_wall,
          aquarium_subvault_bridge, aquarium_subvault_wall],
          aquarium_window_fake, aquarium_window_1, aquarium_window_1,
          aquarium_window_fake, aquarium_view_2c, uniq_crazy_yiuf_cottage
D:3:      layout_loops_ring, mainiacjoe_overflow_boulevard,
          nicolae_overflow_crystal_walls,
          hellmonk_ecumenical_altar_pennies_from_heaven,
          hangedman_decor_diamond_cutter, uniq_ijyb, uniq_terence
D:4:      layout_cave_pods, minmay_temple_entry_statues_pillars,
          ebering_ghost_sewer_f, minmay_manual_mail, uniq_robin
D:5:      layout_cave_pools, nicolae_uskayaw_murder_on_the_dancefloor,
          mainiacjoe_overflow_tiny_flanked
D:6:      layout_rooms, serial_demonic, serial_demonic_e, serial_demonic_b,
          serial_demonic_b, serial_demonic_e, sword_in_stone, uniq_sigmund,
          uniq_eustachio
Temple:   dpeg_chambers_temple

Skill      XL: |  1  2  3  4  5  6  7  8 |
---------------+-------------------------+-----
Spellcasting   | 3 4 5 6 |  6.5
Summonings     | 5 6 8 7 |  8.0
Hexes          | 3 4 5 |  5.0
Stealth        | 4 6 |  6.0
Air Magic      | 4 3 |  4.1
Dodging        | |  2.6

Action                     |  1- 3 |  4- 6 |  7- 9 || total
---------------------------+-------+-------+-------++-------
  Melee: Unarmed           |     1 |       |       ||     1
   Cast: Summon Small Mamm |    41 |    42 |    30 ||   113
         Call Imp          |    13 |    23 |    16 ||    52
         Call Canine Famil |     1 |    19 |    20 ||    40
         Summon Guardian G |       |    12 |    16 ||    28
  Evoke: Wand              |       |       |     1 ||     1
 Armour: Skin              |       |     1 |     5 ||     6
  Dodge: Dodged            |    11 |    33 |    26 ||    70

Table legend: (Time is in decaauts)
 A = Elapsed time spent in this place.
 B = Non-inter-level travel time spent in this place.
 C = Inter-level travel time spent in this place.
 D = Time resting spent in this place.
 E = Time spent auto-exploring this place.
 F = Levels seen in this place.
 G = Mean time per level.
                   A        B        C        D        E       F      G
               +--------+--------+--------+--------+--------+-----+--------+
         Total |   5196 |   4943 |    253 |     43 |   2997 |   7 |  742.3 |
       Dungeon |   4992 |   4758 |    234 |     43 |   2830 |   6 |  832.0 |
        Temple |    203 |    185 |     18 |      0 |    166 |   1 |  203.0 |
               +--------+--------+--------+--------+--------+-----+--------+

Top non-repeatable levels by time:
     D:4: 1068 daAuts
     D:2: 1030 daAuts
     D:3: 977 daAuts
     D:1: 937 daAuts
     D:5: 629 daAuts
     D:6: 350 daAuts
  Temple: 203 daAuts
